 Dungeon Crawl Stone Soup version 0.24.0-13-gcf9b3192b9 (webtiles) character file.

Game seed: 13409927428580493459, levelgen mode: deterministic

21 Inarius the Skirmisher (level 2, 0/18 HPs)
             Began as a Deep Elf Abyssal Knight on Nov 7, 2019.
             Was a Follower of Lugonu.
             Succumbed to an adder's poison
             ... on level 2 of the Dungeon.
             The game lasted 00:02:00 (1462 turns).

Inarius the Skirmisher (Deep Elf Abyssal Knight)    Turns: 1462, Time: 00:02:00

Health: 0/18       AC:  7    Str: 13 (14) XL:     2   Next: 62%
Magic:  14/14      EV: 11    Int: 18 (21) God:    Lugonu [*.....]
Gold:   76         SH:  0    Dex: 11 (14) Spells: 1/1 levels left

rFire    + . .     SeeInvis .   a - +1 falchion
rCold    + . .     Gourm    .   (no shield)
rNeg     . . .     Faith    .   m - +0 ring mail
rPois    +         Spirit   .   (no helmet)
rElec    +         Reflect  .   (no cloak)
rCorr    +         Harm     .   (no gloves)
MR       .....     Clarity  +   q - +1 pair of boots
Stlth    +.........             (no amulet)
HPRegen  0.06/turn              k - ring of magical power
MPRegen  0.14/turn              (no ring)

@: mighty, brilliant, lethally poisoned (0 -> -3), resistant
A: talons 1, clarity, MP-powered wands
a: Depart the Abyss, Renounce Religion


You were on level 2 of the Dungeon.
You worshipped Lugonu.
Lugonu was aware of your devotion.
You were hungry.

You visited 1 branch of the dungeon, and saw 2 of its levels.
You visited the Abyss 1 time.

You collected 76 gold pieces.

Inventory:

Hand Weapons
 a - a +1 falchion (weapon)
Armour
 b - a +0 leather armour
 m - a +0 ring mail (worn)
 q - a +1 pair of boots (worn)
Jewellery
 k - a ring of magical power (left hand)
Wands
 f - a wand of disintegration (12)
Scrolls
 h - a scroll of teleportation
 i - 2 scrolls of amnesia
 n - a scroll of fear
 o - a scroll of fog {unknown}
Potions
 g - a potion of brilliance
Comestibles
 c - 2 rations
 l - 4 chunks of flesh


   Skills:
 + Level 2.8 Fighting
 * Level 2.1 Long Blades
 + Level 1.0 Armour
 + Level 2.4 Dodging
 * Level 0.6 Stealth
 + Level 2.0 Invocations


You had one spell level left.
You didn't know any spells.
Your spell library was empty.

Dungeon Overview and Level Annotations

Branches:
Dungeon (2/15)

Altars:


Innate Abilities, Weirdness & Mutations

You have sharp toenails.
You possess an exceptional clarity of mind.
You expend magic power (3 MP) to strengthen your wands.


Message History

You climb downwards.
The kobold misses you.
You riposte.
You closely miss the kobold. The kobold closely misses you.
There is a stone staircase leading up here.
You closely miss the kobold.
You feel sick. The kobold hits you.
* * * LOW HITPOINT WARNING * * *
You barely miss the kobold. The kobold hits you.
* * * LOW HITPOINT WARNING * * *
You closely miss the kobold. The kobold closely misses you.
The kobold hits you but does no damage.
You barely miss the kobold.
* * * LOW HITPOINT WARNING * * *
You feel sick. The kobold misses you.
You hit the kobold.
The kobold is moderately wounded.
The kobold closely misses you.
You riposte.
You slash the kobold!
You kill the kobold!
Lugonu accepts your kill.
You can now depart the Abyss.
Okay, then.
You see here a kobold corpse.
You die...

..
....############
...............#
#...##........#
#...#...$....#
#......@.....#
###.#........#
#..†.......#
##.<.......#
#.######### #(
#. ##


There were no monsters in sight!

Vanquished Creatures
  An adder (D:1)
  A dart slug (D:1)
  A bat (D:1)
  2 goblins (D:1)
  A hobgoblin (D:1)
  2 kobolds
  A ball python (D:1)
  A frilled lizard (D:1)
  A rat (D:1)
11 creatures vanquished.

Notes
Turn   | Place    | Note
-------+----------+-------------------------------------------
     0 | Abyss:1  | Inarius the Deep Elf Abyssal Knight began the quest for the
                  | Orb.
     0 | Abyss:1  | Reached XP level 1. HP: 13/13 MP: 4/4
    67 | Abyss:2  | Noticed a hungry ghost
    95 | Abyss:2  | Noticed a chaos spawn
   111 | D:1      | Escaped the Abyss
   226 | D:1      | Noticed an octopode
   226 | D:1      | Noticed an ogre
   228 | D:1      | Noticed a human
   228 | D:1      | Noticed an elf
   230 | D:1      | Noticed a dwarf
   230 | D:1      | Noticed a gargoyle
   232 | D:1      | Noticed a naga
   234 | D:1      | Noticed a draconian
   236 | D:1      | Noticed a merfolk
   236 | D:1      | Noticed a demonspawn
   238 | D:1      | Noticed a halfling
   238 | D:1      | Noticed a spriggan
   240 | D:1      | Noticed a vampire
   242 | D:1      | Noticed a minotaur
   244 | D:1      | Noticed a felid
   244 | D:1      | Noticed a troll
   246 | D:1      | Noticed a centaur
   246 | D:1      | Noticed a vine stalker
   248 | D:1      | Noticed a tengu
   248 | D:1      | Noticed a demigod
   250 | D:1      | Noticed a formicid
   250 | D:1      | Noticed a ghoul
   635 | D:1      | Reached skill level 1 in Armour
   976 | D:1      | Reached XP level 2. HP: 15/18 MP: 5/5
  1443 | D:1      | Gained mutation: You possess an exceptional clarity of
                  | mind. [potion of mutation]
  1443 | D:1      | Gained mutation: You expend magic power (3 MP) to
                  | strengthen your wands. [potion of mutation]
  1443 | D:1      | Gained mutation: You have sharp toenails. [potion of
                  | mutation]
  1459 | D:2      | Reached * piety under Lugonu
  1462 | D:2      | Succumbed to an adder's poison

Levels and vault maps discovered:
D:1:      kb_arrival_jail, layout_loops_corners, minmay_tromino_v4_a
D:2:      layout_rooms

Skill      XL: |  1 |
---------------+----+-----
Armour         | 1 |  1.0
Long Blades    | 2 |  2.1
Fighting       | |  2.8
Dodging        | |  2.4
Stealth        | |  0.6
Invocations    | |  2.0

Action                   || total
-------------------------++-------
Melee: Falchion          ||    32
Invok: Depart the Abyss  ||     1
  Use: Potion            ||     5
       Scroll            ||     3
  Eat: Chunk             ||     1
Armor: Leather armour    ||     3
       Ring mail         ||    11
Dodge: Dodged            ||    21
       Rpst.: Falchion   ||     7
